 Dungeon Crawl Stone Soup version 0.31.0-9-g3a7656b989 (webtiles) character file.

Game seed: 16552629233417851728

1229 Lymetel the Cleaver (level 8, -2/93 (96) HPs)
             Began as a Minotaur Berserker on Jan 29, 2024.
             Was a Priest of Trog.
             Slain by a steam dragon (9 damage)
             ... on level 6 of the Dungeon.
             The game lasted 00:05:39 (4917 turns).

Lymetel the Cleaver (Minotaur Berserker)            Turns: 4917, Time: 00:05:40

HP:   -2/93 (96)    AC:  6    Str: 25    XL:     8   Next: 24%
MP:   7/7           EV: 11    Int:  4    God:    Trog [***...]
Gold: 211           SH:  0    Dex:  9    Spells: 7/7 levels left

rFire   . . .        d - +0 battleaxe
rCold   . . .        (shield currently unavailable)
rNeg    . . .        l - +3 leather armour
rPois   .            (helmet restricted)
rElec   .            (no cloak)
rCorr   .            (no gloves)
SInv    .            (no boots)
Will    ++...        e - amulet of the acrobat Stlth
                     g - ring of willpower
HPRegen 0.35/turn    h - ring of willpower
MPRegen 0.10/turn

%: acrobat
@: berserking, lightly drained, very quick
A: horns 2, retaliatory headbutt
a: Renounce Religion, Berserk, Trog's Hand


You were on level 6 of the Dungeon.
You worshipped Trog.
Trog was most pleased with you.
You visited 1 branch of the dungeon, and saw 6 of its levels.

You collected 211 gold pieces.

Inventory:

Hand Weapons
 d - a +0 battleaxe (weapon)
Armour
 l - a +3 leather armour (worn)
Jewellery
 e - an amulet of the acrobat (around neck)
 g - a ring of willpower (left hand)
 h - a ring of willpower (right hand)
 y - a ring of positive energy
Wands
 q - a wand of paralysis (4)
 r - a wand of flame (29)
 t - a wand of digging (5)
Scrolls
 a - a scroll of immolation {unknown}
 c - 3 scrolls of identify {unknown}
 f - a scroll of fear {unknown}
 i - 2 scrolls of noise {unknown}
 o - a scroll of amnesia {unknown}
 p - a scroll of summoning {unknown}
 v - 2 scrolls of teleportation {unknown}
Potions
 b - 3 potions of heal wounds {unknown}
 j - 4 potions of brilliance {unknown}
 k - a potion of mutation {unknown}
 m - a potion of degeneration {unknown}
 n - a potion of curing {unknown}
 s - a potion of lignification {unknown}
 u - a potion of ambrosia {unknown}
 w - a potion of resistance {unknown}
 x - 2 potions of attraction {unknown}


   Skills:
 - Level 3.6 Fighting
 + Level 12.3 Axes
 - Level 2.4 Armour
 - Level 2.1 Dodging


You had 7 spell levels left.
You didn't know any spells.
Your spell library was empty.

Dungeon Overview and Level Annotations

Branches:
Dungeon (6/15)             Temple (0/1) D:4

Altars:

Shops:
D:1 =   D:2 ?   D:5 (:[   D:6 ?


Innate Abilities, Weirdness & Mutations

You have a pair of horns on your head.
You reflexively headbutt those who attack you in melee.


Message History

The steam dragon claws you but does no damage.
You barely miss the steam dragon. The steam dragon bites you.
The steam dragon claws you but does no damage.
The steam dragon bites you but does no damage.
The steam dragon claws you.
You hit the steam dragon.
The steam dragon is lightly wounded.
The steam dragon bites you.
The steam dragon claws you but does no damage.
A red film seems to cover your vision as you go berserk!
You feel yourself moving faster!
You feel mighty! The steam dragon closely misses you.
The steam dragon barely misses you. The wight hits you with a +0 falchion.
The wight hits you from afar with a +0 spear!
You hit the steam dragon. You headbutt the steam dragon.
The steam dragon is moderately wounded.
You hit the wight. You barely miss the steam dragon.
You headbutt the steam dragon.
The steam dragon is heavily wounded.
You closely miss the wight. The wight hits you with a +0 falchion!
* * * LOW HITPOINT WARNING * * *
A wight comes into view. It is wielding a +2 spear.
The steam dragon barely misses you. x2; The wight closely misses you.
You barely miss the steam dragon.
The steam dragon is moderately wounded.
You slash the wight! The steam dragon bites you!
* * * LOW HITPOINT WARNING * * *
The steam dragon claws you but does no damage.
The wight misses you. You furiously retaliate!
You headbutt the wight!
You destroy the wight!
Trog accepts your kill. The wight completely misses you.
You slash the steam dragon!
The steam dragon is severely wounded.
The wight hits you from afar with a +0 spear!
* * * LOW HITPOINT WARNING * * *
You feel drained.
* * * LOW HITPOINT WARNING * * *
The steam dragon bites you!
You die...

...#.##........#
...
.....#...>....#
...
#..........###
....
##.............
.....
#..#.##########
....$#####.##.###
#.zz.....##....
#...D).....###
#...)@...#.....
###############


You could see a steam dragon and 2 wights.

Vanquished Creatures
  Eustachio (D:6)
  4 ogres
  A bullfrog (D:6)
  3 scorpions
  2 wights (D:6)
  A bombardier beetle (D:5)
  5 hounds
  2 sleepcaps
  Jessica (D:2)
  2 iguanas
  An orc wizard (D:3)
  An adder (D:3)
  2 ufetubi (D:6)
  3 ribbon worms
  4 dart slugs
  11 orcs
  2 bats
  4 endoplasms
  6 giant cockroaches
  3 goblins
  7 hobgoblins
  8 jackals
  11 kobolds
  2 quokkas
  7 ball pythons
  A frilled lizard (D:2)
  3 rats
98 creatures vanquished.

Notes
Turn   | Place    | Note
-------+----------+-------------------------------------------
     0 | D:1      | Lymetel the Minotaur Berserker began the quest for the Orb.
     0 | D:1      | Reached XP level 1. HP: 19/19 MP: 0/0
   183 | D:1      | Reached skill level 4 in Axes
   348 | D:1      | Reached XP level 2. HP: 24/26 MP: 1/1
   841 | D:1      | Found Buwaupliu's Jewellery Shoppe.
   936 | D:2      | Noticed Jessica
   939 | D:2      | Killed Jessica
   940 | D:2      | Reached skill level 5 in Axes
   940 | D:2      | Reached XP level 3. HP: 31/31 MP: 2/2
   980 | D:2      | Reached ** piety under Trog
  1048 | D:2      | Found Xetuw's Magic Scroll Boutique.
  1346 | D:2      | Reached XP level 4. HP: 39/39 MP: 3/3
  1362 | D:2      | Reached skill level 6 in Axes
  2593 | D:4      | Reached skill level 7 in Axes
  2593 | D:4      | Reached XP level 5. HP: 45/45 MP: 4/4
  2677 | D:4      | Reached *** piety under Trog
  2783 | D:4      | Reached skill level 8 in Axes
  2972 | D:4      | Reached XP level 6. HP: 48/51 MP: 5/5
  3073 | D:4      | Found a staircase to the Ecumenical Temple.
  3501 | D:5      | Entered Level 5 of the Dungeon
  3560 | D:5      | Reached skill level 9 in Axes
  3562 | D:5      | Found Lulidgh's Weapon Boutique.
  3580 | D:5      | Reached XP level 7. HP: 57/57 MP: 6/6
  3717 | D:5      | Found Qoumyido's Book Boutique.
  3889 | D:5      | Reached skill level 10 in Axes
  3950 | D:5      | Found Yddad's Antique Armour Shoppe.
  4368 | D:6      | Noticed Eustachio
  4375 | D:6      | Killed Eustachio
  4376 | D:6      | Reached skill level 11 in Axes
  4526 | D:6      | Identified the flux talisman "Kaleg" {rF+ Slay+2}
  4561 | D:6      | Reached XP level 8. HP: 15/64 MP: 7/7
  4676 | D:6      | Reached skill level 12 in Axes
  4764 | D:6      | Found Yhiq's Magic Scroll Emporium.
  4917 | D:6      | Slain by a steam dragon

Illustrated notes

Levels and vault maps discovered:
D:1:      minmay_arrival_up_and_down, layout_basic, serial_shops, shop
D:2:      layout_loops_ring, serial_shops, nicolae_shop_trees,
          minmay_misc_feat_cross, kennysheep_generic_room_16, uniq_jessica
D:3:      layout_loops_ring, serial_park_tiny_2, kennysheep_nondescript
D:4:      layout_layer_cave, lemuel_temple_firewalk_b
D:5:      layout_basic, serial_shops, shop, nicolae_square_shop,
          nicolae_book_shop_shelving, hangedman_abyss_or_decor_stabs
D:6:      layout_rooms, serial_shops, nicolae_shop_crystal,
          supply_closet_lemuel, uniq_eustachio

Skill      XL: |  1  2  3  4  5  6  7  8 |
---------------+-------------------------+-----
Axes           | 4 5 7 8 9 11 12 | 12.3
Fighting       | |  3.6
Armour         | |  2.4
Dodging        | |  2.1

Action                     |  1- 3 |  4- 6 |  7- 9 || total
---------------------------+-------+-------+-------++-------
  Melee: Hand axe          |    65 |    10 |       ||    75
         Headbutt          |     8 |    10 |    14 ||    32
         Battleaxe         |       |    72 |    67 ||   139
 Invoke: Trog's Hand       |       |     1 |     1 ||     2
         Berserk           |       |       |     2 ||     2
 Armour: Ring mail         |    40 |     2 |       ||    42
         Animal skin       |     1 |       |       ||     1
         Leather armour    |       |    54 |    69 ||   123
  Dodge: Dodged            |    46 |    55 |    60 ||   161
